 Dungeon Crawl Stone Soup version 0.31.0-12-g77e489cdc1 (webtiles) character file.

Game seed: 8612006582792909253

3458 gohu the Cleaver (level 9, -1/68 (75) HPs)
             Began as a Minotaur Fighter on Feb 18, 2024.
             Was a Priest of Okawaru.
             Slain by a wight
             ... wielding a +3 halberd
              (8 damage)
             ... on level 8 of the Dungeon.
             The game lasted 00:18:11 (8013 turns).

gohu the Cleaver (Minotaur Fighter)                 Turns: 8013, Time: 00:18:11

HP:   -1/68 (75)    AC: 11    Str: 26    XL:     9   Next: 78%
MP:   8/8           EV: 10    Int:  5    God:    Okawaru [***...]
Gold: 449           SH:  5    Dex:  9    Spells: 8/8 levels left

rFire   . . .        a - +0 war axe
rCold   + . .        c - +0 buckler
rNeg    + . .        t - +4 ring mail
rPois   .            (helmet restricted)
rElec   .            P - scarf {repulsion}
rCorr   .            N - +0 pair of gloves
SInv    .            (no boots)
Will    .....        G - amulet of magic regeneration Stlth
                     j - ring of positive energy
HPRegen 0.31/turn    g - ring of protection from cold
MPRegen 0.51/turn

%: repel missiles
@: drained
A: horns 2, retaliatory headbutt
a: Renounce Religion, Heroism


You were on level 8 of the Dungeon.
You worshipped Okawaru.
Okawaru was most pleased with you.
You visited 2 branches of the dungeon, and saw 9 of its levels.
You also visited: Ossuary.

You collected 449 gold pieces.

Inventory:

Hand Weapons
 a - a +0 war axe (weapon)
Missiles
 F - 3 boomerangs (quivered)
 K - a throwing net
Armour
 b - a +0 scale mail
 c - a +0 buckler (worn)
 t - a +4 ring mail (worn)
 H - a +0 chain mail
 N - a +0 pair of gloves (worn)
 P - a scarf of repulsion (worn)
Jewellery
 g - a ring of protection from cold (right hand)
 j - a ring of positive energy (left hand)
 G - an amulet of magic regeneration (around neck)
Wands
 x - a wand of roots (8)
 L - a wand of paralysis (5)
 M - a wand of digging (8)
 O - a wand of polymorph (8)
Scrolls
 f - 6 scrolls of enchant weapon
 h - a scroll of revelation
 k - 6 scrolls of teleportation {unknown}
 m - 2 scrolls of enchant armour
 n - 2 scrolls of blinking {unknown}
 o - 2 scrolls of brand weapon {unknown}
 p - 2 scrolls of immolation
 r - 2 scrolls of amnesia {unknown}
 u - 2 scrolls of torment {unknown}
 w - 2 scrolls of vulnerability {unknown}
 y - 2 scrolls of noise {unknown}
 B - a scroll of acquirement {unknown}
 J - 2 scrolls of fog {unknown}
Potions
 d - 3 potions of might
 e - a potion of magic
 i - 3 potions of attraction {unknown}
 l - a potion of cancellation {unknown}
 q - 2 potions of mutation {unknown}
 s - 4 potions of curing {unknown}
 v - a potion of lignification {unknown}
 A - 2 potions of enlightenment {unknown}
 C - 2 potions of heal wounds {unknown}
 D - a potion of resistance {unknown}
 E - a potion of ambrosia {unknown}
 I - 4 potions of degeneration {unknown}


   Skills:
 + Level 6.2 Fighting
 * Level 14.1 Axes
 + Level 0.3 Throwing
 + Level 7.1 Armour
 + Level 5.4 Shields


You had 8 spell levels left.
You didn't know any spells.
Your spell library contained the following spells:

 Spells                   Type           Power      Damage    Failure   Level
 Foxfire                  Conj/Fire      0%         2x1d4     65%         1
 Cigotuvi's Dreadful Rot  Necr/Alch/Air  0%         N/A       80%         2
 Dazzling Flash           Conj/Hex       0%         N/A       95%         3
 Mephitic Cloud           Conj/Alch/Air  0%         N/A       95%         3
 Ignite Poison            Fire/Alch      0%         N/A       100%        4
 Curse of Agony           Necr           0%         N/A       100%        5
 Freezing Cloud           Conj/Ice/Air   0%         6-21      100%        5
 Silence                  Hex/Air        0%         N/A       100%        5
 Plasma Beam              Fire/Air       0%         2x1d10    100%        6
 Starburst                Conj/Fire      0%         6d3       100%        6
 Summon Ice Beast         Ice/Summ       Unusable   N/A       N/A         3
 Summon Mana Viper        Hex/Summ       Unusable   N/A       N/A         5
 Monstrous Menagerie      Summ           Unusable   N/A       N/A         7

Dungeon Overview and Level Annotations

Branches:
Dungeon (8/15)             Temple (1/1) D:6         Ossuary (visited)
   Lair: D:8-11

Altars:
Ashenzari
Cheibriados
Dithmenos
Elyvilon
Gozag
Hepliaklqana
Kikubaaqudgha
Makhleb
Nemelex Xobeh
Okawaru
Ru
Sif Muna
Trog
Uskayaw
Vehumet
Wu Jian
Xom
Yredelemnul
Zin
The Shining One

Annotations:
D:3 3 runed translucent doors, Hemera's ghost, amateur MiFi
D:4 3 runed translucent doors, Vncvd's ghost, amateur DsBr
D:6 3 runed translucent doors, Longtemps's ghost, novice FoCK
D:8 2 runed translucent doors


Innate Abilities, Weirdness & Mutations

You have a pair of horns on your head.
You reflexively headbutt those who attack you in melee.


Message History

The wight misses you. You block the wight's attack.
The wight barely misses you.
There is an open door here.
Found a robe.
You feel like a meek peon again.
Things that are here:
a +1 dagger of speed; a kobold corpse
There is an open door here.
The wight hits you from afar with a +3 halberd!
You partially resist.
You feel drained.
You gain the combat prowess of a mighty hero.
You block the wight's attack. The wight hits you with a +3 halberd!
You block the wight's attack.
You are too injured to fight recklessly!
You are too injured to fight recklessly!
You are too injured to fight recklessly!
You barely miss the wight. You headbutt the wight!
The wight is almost destroyed.
You block the wight's attack.
You barely miss the wight.
The wight is almost destroyed.
The wight hits you from afar with a +0 halberd!
You partially resist.
You feel drained.
You closely miss the wight.
The wight is almost destroyed.
The wight hits you with a +3 halberd.
* * * LOW HITPOINT WARNING * * *
The wight hits you from afar with a +0 halberd!
* * * LOW HITPOINT WARNING * * *
You partially resist.
You feel drained.
The wight hits you from afar with a +3 halberd!
* * * LOW HITPOINT WARNING * * *
There is an open door here.
You feel like a meek peon again. The wight attacks as it pursues you!
The wight hits you from afar with a +3 halberd.
* * * LOW HITPOINT WARNING * * *
The wight attacks as it pursues you!
The wight hits you from afar with a +3 halberd!
You die...

...########......#...## ...
#................#####.......#
#...............)# #.......#
+...........)....# #.......'
#................#####.......#
.........##+###...............
.........# #...............
.........#....#...............
.........#....#.@.............
.........# ...#.......######..
.........# ..#.z.....# ...#
####'#.......#....'
###.##.##z##'###....#
#.?.....z..)........#
#.....z..)..........#
#...z...............#
###'##.##.##..##....'


You could see 3 wights.

Vanquished Creatures
  A hornet (D:6)
  Sigmund (D:5)
  A hornet zombie (D:5)
  A black bear (D:4)
  A sky beast (D:6)
  2 centaurs
  3 phantoms
  3 kobold brigands
  5 scorpions
  2 bullfrogs
  9 wights
  2 howler monkeys
  3 bombardier beetles
  4 hounds
  2 centaur zombies (Ossuary)
  3 orc priests
  3 gnoll boudas (D:4)
  5 iguanas
  6 orc wizards
  5 scorpion zombies
  3 mummies (Ossuary)
  7 adders
  14 gnolls (D:4)
  A shadow imp (D:6)
  An adder zombie (Ossuary)
  3 dart slugs
  A ribbon worm (D:2)
  33 orcs
  7 ball pythons
  5 endoplasms
  5 giant cockroaches
  5 hobgoblins
  7 jackals
  17 kobolds
  4 quokkas
  5 bats
  5 frilled lizards
  6 gnoll zombies (Ossuary)
  9 goblins
  3 jackal zombies (Ossuary)
  2 orc zombies (Ossuary)
  12 rats
217 creatures vanquished.

Notes
Turn   | Place    | Note
-------+----------+-------------------------------------------
     0 | D:1      | gohu the Minotaur Fighter began the quest for the Orb.
     0 | D:1      | Reached XP level 1. HP: 19/19 MP: 0/0
   194 | D:1      | Reached XP level 2. HP: 27/27 MP: 1/1
   673 | D:1      | Reached skill level 3 in Axes
  1127 | D:2      | Reached XP level 3. HP: 33/33 MP: 2/2
  1376 | D:2      | Reached skill level 4 in Axes
  1411 | D:2      | Reached XP level 4. HP: 40/40 MP: 3/3
  2072 | D:3      | Reached skill level 5 in Axes
  2072 | D:3      | Reached XP level 5. HP: 33/46 MP: 4/4
  2272 | D:3      | Noticed an ogre
  2274 | D:3      | Noticed Hemera's ghost (amateur MiFi)
  2276 | D:3      | Found a runed translucent gate.
  2278 | D:3      | Found a runed translucent gate.
  2278 | D:3      | Found a runed translucent gate.
  2472 | D:3      | Found a glowing silver altar of Zin.
  2633 | D:3      | Found a bloodstained altar of Trog.
  2840 | D:4      | Found an iron altar of Okawaru.
  2843 | D:4      | Found a shimmering blue altar of Sif Muna.
  2843 | D:4      | Found a shadowy altar of Dithmenos.
  2846 | D:4      | Found a shimmering altar of Xom.
  2848 | D:4      | Became a worshipper of Warmaster Okawaru
  2923 | D:4      | Reached skill level 6 in Axes
  2958 | D:4      | Reached XP level 6. HP: 43/52 MP: 5/5
  3002 | D:4      | Found a sand-covered staircase.
  3006 | Ossuary  | Entered an ossuary
  3043 | Ossuary  | Reached skill level 7 in Axes
  3210 | Ossuary  | Reached skill level 5 in Armour
  3228 | Ossuary  | Reached * piety under Okawaru
  3229 | Ossuary  | Reached XP level 7. HP: 60/60 MP: 6/6
  3291 | Ossuary  | Reached skill level 8 in Axes
  3831 | D:4      | Found a runed translucent gate.
  3831 | D:4      | Found a runed translucent gate.
  3831 | D:4      | Found a runed translucent gate.
  4024 | D:4      | Noticed Vncvd's ghost (amateur DsBr)
  4049 | D:4      | Reached skill level 9 in Axes
  4649 | D:5      | Entered Level 5 of the Dungeon
  4663 | D:5      | Reached XP level 8. HP: 67/67 MP: 7/7
  4673 | D:5      | Noticed Sigmund
  4693 | D:5      | Killed Sigmund
  4694 | D:5      | Reached skill level 10 in Axes
  4730 | D:4      | Reached skill level 5 in Fighting
  4985 | D:5      | Reached ** piety under Okawaru
  5037 | D:5      | Reached skill level 11 in Axes
  5100 | D:6      | Found a runed translucent gate.
  5100 | D:6      | Found a runed translucent gate.
  5300 | D:5      | Identified the flux talisman of Vlad {rN+}
  5587 | D:5      | Found a basalt altar of Yredelemnul.
  5683 | D:6      | Noticed Longtemps's ghost (novice FoCK)
  5689 | D:6      | Noticed a hornet
  5810 | D:6      | Reached skill level 12 in Axes
  5810 | D:6      | Reached XP level 9. HP: 74/74 MP: 8/8
  5846 | D:6      | Paralysed by a hornet for 2 turns
  5850 | D:6      | Reached skill level 5 in Shields
  6098 | D:6      | Found a runed translucent gate.
  6158 | D:6      | Reached skill level 13 in Axes
  6258 | D:6      | Found a staircase to the Ecumenical Temple.
  6265 | Temple   | Entered the Ecumenical Temple
  7684 | D:8      | Found a runed translucent gate.
  7711 | D:8      | Found a runed translucent gate.
  7783 | D:8      | Reached *** piety under Okawaru
  7966 | D:8      | Reached skill level 14 in Axes
  8013 | D:8      | Slain by a wight

Illustrated notes

Levels and vault maps discovered:
D:1:      lemuel_arrival_funnel, layout_basic, patterned_corridor
D:2:      layout_basic
D:3:      layout_basic, mainiacjoe_overflow_brackets,
          nicolae_overflow_hidden_temple, gammafunk_ghost_split,
          minmay_randomly_rotated_circles
D:4:      layout_basic, grunt_temple_overflow_open,
          gammafunk_ghost_nasty_kobolds, nicolae_ossuary_entry_plus
D:5:      layout_cave_pools, lemuel_zombie_altar_yredelemnul,
          grunt_decor_arrowhead, minmay_misc_feat_encased, grunt_ministairs_11,
          uniq_sigmund
D:6:      layout_basic, temple_green, gammafunk_ghost_split
D:7:      layout_gridville
D:8:      layout_gridville, gammafunk_ghost_spectres, uniq_maggie, uniq_erica
Temple:   nicolae_temple_bog_church

Skill      XL: |  1  2  3  4  5  6  7  8  9 |
---------------+----------------------------+-----
Axes           | 3 4 5 6 7 9 12 14 | 14.1
Armour         | 4 5 6 7 |  7.1
Shields        | 4 5 |  5.4
Fighting       | 4 5 6 |  6.2
Throwing       | |  0.3

Action                     |  1- 3 |  4- 6 |  7- 9 || total
---------------------------+-------+-------+-------++-------
  Melee: War axe           |    72 |   120 |   344 ||   536
         Headbutt          |     4 |    14 |    73 ||    91
  Throw: Boomerang         |       |       |     5 ||     5
 Invoke: Heroism           |       |       |     5 ||     5
    Use: Scroll            |       |     4 |     4 ||     8
 Armour: Scale mail        |    52 |    21 |       ||    73
         Ring mail         |       |    72 |   221 ||   293
  Dodge: Dodged            |    34 |    42 |   136 ||   212
  Block: Buckler           |    16 |    16 |    77 ||   109
